 Dungeon Crawl Stone Soup version 0.24-a0-580-g6a6c3f83c1 (webtiles) character file.

Game seed: 5162007727946767150

6 Gynju the Covered (level 1, -1/18 HPs)
             Began as a Barachi Fighter on Aug 22, 2019.
             Slain by a kobold (2 damage)
             ... on level 1 of the Dungeon.
             The game lasted 00:00:16 (184 turns).

Gynju the Covered (Barachi Fighter)                  Turns: 184, Time: 00:00:16

Health: -1/18      AC:  6    Str: 17    XL:     1   Next: 90%
Magic:  1/1        EV:  7    Int:  8    God:
Gold:   0          SH:  9    Dex: 11    Spells: 0/0 levels left

rFire    . . .     SeeInvis .   a - +0 long sword
rCold    . . .     Gourm    .   c - +0 shield
rNeg     . . .     Faith    .   b - +0 scale mail
rPois    .         Spirit   .   (no helmet)
rElec    .         Reflect  .   (no cloak)
rCorr    .         Harm     .   (no gloves)
MR       .....                  (no boots)
Stlth    ..........             (no amulet)
HPRegen  0.06/turn              (no ring)
MPRegen  0.07/turn              (no ring)

@: slow
A: +LOS, swims, slowness 1, strong legs 1
a: Hop


You were on level 1 of the Dungeon.
You were not hungry.

You visited 1 branch of the dungeon, and saw 1 of its levels.

Inventory:

Hand Weapons
 a - a +0 long sword (weapon)
Armour
 b - a +0 scale mail (worn)
 c - a +0 shield (worn)
Scrolls
 e - a scroll of enchant weapon {unknown}
 g - a scroll of remove curse {unknown}
 h - a scroll of identify {unknown}
Potions
 d - a potion of might
Comestibles
 f - a ration


   Skills:
 - Level 3.6 Fighting
 + Level 3.2 Long Blades
 - Level 3.6 Armour
 - Level 3.2 Shields


You couldn't memorise any spells.
You didn't know any spells.
Your spell library was empty.

Dungeon Overview and Level Annotations

Branches:
Dungeon (1/15)

Altars:


Innate Abilities, Weirdness & Mutations

Shadows flee at your approach. (+LOS)
You can swim through water.
You cover ground slowly.
You can hop short distances.


Message History

You slash the jackal!
You kill the jackal!
The bat hits you but does no damage. x3; You block the kobold's attack.
You slash the kobold!
You kill the kobold!
Your Long Blades skill increases to level 3!
The bat hits you but does no damage. You block the bat's attack.
The goblin barely misses you.
You riposte.
You closely miss the goblin. You hit the goblin.
You kill the goblin!
You block the bat's attack. The bat hits you.
* * * LOW HITPOINT WARNING * * *
The bat hits you but does no damage. x2
You closely miss the kobold. The bat closely misses you.
You block the bat's attack. The kobold barely misses you.
You closely miss the kobold.
The kobold shouts!
You hear a shout!
You block the bat's attack. x2; The kobold hits you but does no damage.
The kobold hits you.
You die...

...# #..##...###.##. .....###
#.P'...######. ........###
#!###.#.# ## ..(.......## #.
##..### #' ...........## #.
##.....##### .......)?...# #
##.......#...
............#######...###.....#
##...........#..b.#..## ##...##
#...........K@.#....## ##..###
#...........####+#...###...##.
#..........## ##.......####
#.....K....# ##.....## #
#.........## ####.### #
#........## #.#...#### ......##
#..##...# %.### #..#..#.##
#...###..##


You could see a bat and 2 kobolds.

Vanquished Creatures
  A goblin (D:1)
  A hobgoblin (D:1)
  2 jackals (D:1)
  A kobold (D:1)
5 creatures vanquished.

Notes
Turn   | Place    | Note
-------+----------+-------------------------------------------
     0 | D:1      | Gynju the Barachi Fighter began the quest for the Orb.
     0 | D:1      | Reached XP level 1. HP: 18/18 MP: 1/1
   184 | D:1      | Slain by a kobold

Levels and vault maps discovered:
D:1:      dpeg_cavernosity, layout_basic

Skill      XL: |  1 |
---------------+----+-----
Long Blades    | 3 |  3.2
Fighting       | |  3.6
Armour         | |  3.6
Shields        | |  3.2

Action                   || total
-------------------------++-------
Melee: Long sword        ||    34
Armor: Scale mail        ||    52
Dodge: Dodged            ||    33
Block: Shield            ||    56
       Rpst.: Long sword ||    11

Table legend:
 A = Non-vault XP
 B = Vault XP
 C = Vault XP percentage of total XP
 D = Non-vault monster count
 E = Vault monster count
 F = Vault count percentage of total count
                 A         B        C        D         E       F
            +---------+---------+-------+---------+---------+-------
      Total |       9 |       0 |   0.0 |       5 |       0 |   0.0
            +---------+---------+-------+---------+---------+-------
        D:1 |       9 |       0 |   0.0 |       5 |       0 |   0.0
            +---------+---------+-------+---------+---------+-------
